cohdb
Replays
Latest Replays
All Replays
Popular Replays
Top Player Replays
Match Explorer
How It Works
Community
CoH3 Stats
Reddit
Sign in to upload your games and track your stats! →
Sign in with Steam
Match 43431012
Unlisted
Match 43431012
Overview
Messages
Build Orders
End
Panzerpioneer Squad
Panzerpioneer Squad
Selects Italian Infantry
Panzerpioneer Squad
Panzerpioneer Squad
Construct Light Support Kompanie
Fire Support Elements
Veteran Squad Leaders
2.5-tonne Medical Truck
Forward Retreat Point
Selects Guastatori Squad
Guastatori Squad
Honey
khj
FooyinMT
Zebra
SamBlips
Araxiel
HOLD THE LINE
kamikazei
0
0
Comments
sign in to comment!
No comments posted yet!